 Dungeon Crawl Stone Soup version 0.18.1-50-g88ac8fd (webtiles) character file.

52069 Korbac the Nimble (level 14, -9/113 HPs)
             Began as a Demonspawn Monk on Oct 17, 2016.
             Was the Champion of Qazlal.
             Mangled by an entropy weaver (11 damage)
             ... on level 5 of the Lair of Beasts.
             The game lasted 01:51:42 (17672 turns).

Korbac the Nimble (Demonspawn Monk)                Turns: 17672, Time: 01:51:43

Health: -9/113     AC:  9    Str: 21    XL:     14   Next: 25%
Magic:  19/19      EV: 10    Int: 18    God:    Qazlal [******]
Gold:   473        SH:  0    Dex: 15    Spells: 2 memorised, 14 levels left

rFire  . . .     SeeInvis .       - Unarmed
rCold  + + .     Gourm    .     H - +1 ring mail of Naticog {rC+ Regen+ Str+2 Int+4}
rNeg   . . .     Faith    .     (no shield)
rPois  +         Spirit   .     (helmet restricted)
rElec  .         Dismiss  .     J - +0 cloak
rCorr  .         Reflect  .     r - +3 pair of gloves of the Raven {+Blink rC+ Stlth-}
SustAt .         Harm     .     (no boots)
MR     ++...                    (no amulet)
Stlth  +.........               A - +2 ring of strength
                                m - ring of poison resistance

@: lethally poisoned (-9 -> -18), protected from physical damage, corroded, very
slightly contaminated, held, hasted, repel missiles, very quick, very resistant
to hostile enchantments, very unstealthy
A: horns 1, clever 1, deformed body, foul stench 2, magic resistance 1,
nightstalker 2, poison resistance, rot immunity, MP-powered wands, sturdy frame
2
a: Upheaval, Elemental Force, Disaster Area, Renounce Religion, Evoke Blink


You were on level 5 of the Lair of Beasts.
You worshipped Qazlal.
Qazlal was exalted by your worship.
You were very full.

You visited 4 branches of the dungeon, and saw 23 of its levels.
You also visited: Sewer.

You collected 1654 gold pieces.
You spent 1181 gold pieces at shops.

Inventory:

Armour
 r - the +3 pair of gloves of the Raven (worn) {+Blink rC+ Stlth-}
   (You found it on level 4 of the Dungeon)

   It protects you from cold.
   It lets you blink.
   It makes you less stealthy.
 H - the +1 ring mail of Naticog (worn) {rC+ Regen+ Str+2 Int+4}
   (You found it on level 11 of the Dungeon)

   It affects your strength (+2).
   It affects your intelligence (+4).
   It protects you from cold.
   It increases your rate of regeneration.
 J - a +0 cloak (worn)
 K - the +1 ring mail of Compression {+Inv rElec Str+2}
   (You bought it in a shop on level 10 of the Dungeon)

   It affects your strength (+2).
   It insulates you from electricity.
   It lets you turn invisible.
Jewellery
 a - an uncursed ring of see invisible
 b - a +2 ring of dexterity
 c - a +3 ring of intelligence
 i - an uncursed ring of protection from fire
 j - an uncursed ring of sustain attributes
 m - a ring of poison resistance (left hand)
 s - an uncursed ring of protection from cold
 t - an uncursed ring of fire
 A - a +2 ring of strength (right hand)
 L - an uncursed ring of protection from fire
 S - an uncursed ring of sustain attributes
 U - an uncursed ring of ice
Wands
 l - a wand of acid (0/15)
 u - a wand of confusion (10/48)
 v - a wand of slowing (31/48)
 y - a wand of acid (2/15)
 D - a wand of flame (2/48)
 F - a wand of flame (43/48)
 M - a wand of slowing (22/48)
 Q - a wand of random effects (24/48)
 Z - a wand of random effects (31/48)
Scrolls
 n - a scroll of acquirement {unknown}
 q - a scroll of remove curse
 w - 2 scrolls of recharging
 x - 2 scrolls of identify
 C - 3 scrolls of magic mapping
 G - a scroll of noise {unknown}
 R - a scroll of enchant armour {unknown}
 T - a scroll of enchant weapon {unknown}
 V - a scroll of immolation {unknown}
Potions
 g - a potion of flight {unknown}
 h - a potion of agility
 B - 3 potions of mutation
 E - a potion of might {unknown}
 I - 2 potions of haste
 N - a potion of ambrosia {unknown}
 O - a potion of berserk rage {unknown}
 P - a potion of brilliance {unknown}
 Y - a potion of cure mutation {unknown}
Books
 d - a book of Frost

   Spells                             Type                      Level
   a - Freeze                         Ice                          1
   b - Throw Frost                    Conjuration/Ice              2
   c - Ozocubu's Armour               Charms/Ice                   3
   d - Throw Icicle                   Conjuration/Ice              4
   e - Summon Ice Beast               Ice/Summoning                4
Miscellaneous
 f - a phial of floods (inert)
 o - a crystal ball of energy
 z - a legendary deck of changes {drawn: 1}
Comestibles
 p - 7 bread rations


   Skills:
 * Level 11.4 Fighting
 + Level 6.6 Armour
 * Level 13.2 Dodging
 - Level 1.7 Stealth
 * Level 12.8 Unarmed Combat
 * Level 2.0 Spellcasting
 * Level 2.4 Conjurations
 * Level 2.4 Ice Magic
 + Level 2.0 Invocations
 * Level 7.0 Evocations


You had 14 spell levels left.
You knew the following spells:

 Your Spells              Type           Power        Failure   Level  Hunger
a - Freeze                Ice            ##..         10%         1    #......
b - Throw Frost           Conj/Ice       ##....       14%         2    ###....


Dungeon Overview and Level Annotations

Branches:
Dungeon (15/15)            Temple (0/1) D:7            Lair (5/8) D:11
 Shoals (0/4) Lair:4       Spider (1/4) Lair:5          Orc (2/2) D:11
    Elf (0/3) Orc:2
 Vaults: D:13-14     Depths: D:15

Altars:
Elyvilon
Fedhas
Gozag
Makhleb
Nemelex Xobeh
Pakellas
Qazlal
Vehumet
Yredelemnul
Zin

Shops:
D:10 ([*   D:12 *   D:13 *   Orc:2 (*=(


Innate Abilities, Weirdness & Mutations

You have a pair of small horns on your head.
You frequently emit foul miasma when damaged in melee.
You are significantly more attuned to the shadows.
You are immune to rotting.
Your movements are less encumbered by armour (ER -4).
Your mind is acute. (Int +2)
Armour fits poorly on your strangely shaped body.
You are resistant to hostile enchantments.
Your system is resistant to poisons.
You expend magic power (3 MP) to strengthen your wands.


Message History

The wolf spider bites you.
* * * LOW HITPOINT WARNING * * *
The tarantella barely misses you. You block the wolf spider's attack.
The wolf spider bites you but does no damage.
You are caught in the web!
You feel sick.
There is a web here.
You struggle to detach yourself from the web.
You feel sick.
The tarantella bites you but does no damage.
The demonic crawler hits you!
* * * LOW HITPOINT WARNING * * *
The demonic crawler misses you. The demonic crawler barely misses you.
Drink which item? (? for menu, Esc to quit)
Okay, then.
You fail to use your ability.
* * * LOW HITPOINT WARNING * * *
You feel sick.
The entropy weaver hits you but does no damage.
The entropy weaver hits you!
You die...

##...##..........#.#####
#..#.##...........##P##
#..##.^.^..§§^..##......
####.............#..##..
##.^..§##§....#.###.#.
#....§^§##^...### #.P§
#..§#§>^§###.P# #§..
...#.sp.^^####### #...
#. #§@ss§###.#..# ....
#.##^..........P#.....
##.#...........### ....
#P.............# #...
#..............## ...
##......##......# ##
#....###.###..###
#....P#.§.§.....##
#.........§......#


You could see an entropy weaver, a demonic crawler, a wolf spider and a
tarantella.

Vanquished Creatures
  Rupert (D:13)
  Snorg (D:11)
  Fannar (D:11)
  4 hydras
  Erica (Orc:1)
  2 centaur warriors
  The ghost of Galewind the Eclecticist, a journeyman DECj of Vehumet (Lair:1)
  Sonja (Orc:2)
  A wolf spider zombie (D:13)
  A wizard (D:14)
  3 hill giants
  A necromancer (Lair:2)
  4 orc knights
  2 cyclopes
  An orc sorcerer (Orc:2)
  A griffon (Lair:4)
  An ugly thing (D:11)
  A wolf spider (Lair:5)
  A centaur zombie (D:12)
  6 elephants (Lair:5)
  A black mamba (Lair:4)
  A torpor snail (Lair:4)
  3 centaur skeletons
  2 gargoyles (D:11)
  A spiny frog (Lair:4)
  3 komodo dragons
  A demonic crawler (Spider:1)
  An efreet (D:14)
  A polar bear (shapeshifter) (D:14)
  2 jumping spiders (Lair:5)
  2 two-headed ogres
  2 trolls
  3 slime creatures (D:12)
  A vampire (D:11)
  2 shadows
  2 wraiths
  3 redbacks (Lair:5)
  A wyvern (D:8)
  4 basilisks
  57 yaks
  7 hippogriffs
  4 hungry ghosts
  A mottled dragon (D:11)
  A warg (Orc:2)
  3 water moccasins
  A soldier ant (D:10)
  6 porcupines
  4 ice beasts
  35 orc warriors
  5 sky beasts
  A black bear (D:10)
  3 phantoms
  An eye of draining (D:8)
  2 wasps
  6 wolves (Lair:3)
  A necrophage (D:5)
  6 ogres
  33 centaurs
  7 crocodiles
  2 big kobolds
  14 giant frogs
  A wyvern zombie (D:12)
  4 scorpions
  21 killer bees
  2 troll zombies (D:11)
  An electric eel (Lair:2)
  6 crimson imps
  2 giant frog zombies
  13 orc priests
  8 hounds
  Jessica (D:2)
  3 giant frog skeletons
  6 iguanas
  17 orc wizards
  8 worker ants
  3 polar bear simulacra (Lair:2)
  4 yak simulacra (Lair:2)
  4 sheep
  2 wolf simulacra (Lair:2)
  6 ogre zombies (D:11)
  2 worker ant zombies
  14 adders
  28 river rats
  7 shadow imps
  An ooze (D:2)
  3 adder zombies
  5 worms
  A dart slug (D:3)
  3 giant geckos
  67 orcs
  7 giant cockroaches
  7 goblins
  6 hobgoblins
  2 jackals (Sewer)
  19 kobolds
  3 quokkas
  9 ball pythons
  17 bats
  4 giant newts
  4 goblin zombies (D:11)
  2 hobgoblin skeletons (D:11)
  6 hobgoblin zombies (D:11)
  2 orc skeletons (D:11)
  11 orc zombies (D:11)
  10 rats
  2 river rat simulacra (Lair:2)
  23 fungi
  14 plants
662 creatures vanquished.

Vanquished Creatures (collateral kills)
  Maud (Lair:4)
  A hydra (Lair:4)
  A hill giant (D:10)
  An orc warrior (D:10)
  A centaur (Lair:4)
  An orc priest (D:10)
6 creatures vanquished.

Vanquished Creatures (others)
  A centaur (D:12)
  An orc wizard (D:9)
  11 fungi
  7 plants
20 creatures vanquished.

Grand Total: 688 creatures vanquished

Notes
Turn   | Place    | Note
--------------------------------------------------------------
     0 | D:1      | Korbac the Demonspawn Monk began the quest for the Orb.
     0 | D:1      | Reached XP level 1. HP: 18/18 MP: 1/1
   168 | D:1      | Gained mutation: You are immune to rotting. [demonic ancestry]
   168 | D:1      | Reached XP level 2. HP: 24/24 MP: 2/2
   615 | D:2      | Reached skill level 3 in Dodging
   615 | D:2      | Gained mutation: Your movements are slightly less encumbered by armour (ER -2). [demonic ancestry]
   615 | D:2      | Reached XP level 3. HP: 16/29 MP: 3/3
   824 | D:2      | Noticed Jessica
   837 | D:2      | Killed Jessica
  1046 | D:2      | Reached XP level 4. HP: 35/35 MP: 4/4
  1586 | D:3      | Found a basalt altar of Yredelemnul.
  1642 | D:3      | Gained mutation: You are slightly more attuned to the shadows. [demonic ancestry]
  1642 | D:3      | Reached XP level 5. HP: 40/41 MP: 5/5
  1894 | D:3      | Found a sparkling altar of Nemelex Xobeh.
  1940 | D:4      | Got a pair of dazzling gloves
  1963 | D:4      | Identified the +3 pair of gloves of the Raven {+Blink rC+ Stlth-} (You found it on level 4 of the Dungeon)
  2101 | D:4      | Reached skill level 5 in Unarmed Combat
  2148 | D:4      | Found an oddly glowing altar of Pakellas.
  2263 | D:4      | Reached skill level 1 in Armour
  2671 | D:5      | Entered Level 5 of the Dungeon
  2691 | D:5      | Reached skill level 4 in Dodging
  2773 | D:5      | Noticed a necrophage
  2806 | D:5      | Killed a necrophage
  2806 | D:5      | Gained mutation: Your movements are less encumbered by armour (ER -4). [demonic ancestry]
  2806 | D:5      | Reached XP level 6. HP: 36/48 MP: 6/6
  2892 | D:5      | Found a radiant altar of Vehumet.
  2892 | D:5      | Found a stormy altar of Qazlal.
  2902 | D:5      | Became a worshipper of Qazlal Stormbringer
  2902 | D:5      | Reached * piety under Qazlal
  2902 | D:5      | Reached ** piety under Qazlal
  3249 | D:6      | Reached XP level 7. HP: 31/54 MP: 7/7
  3428 | D:6      | Found a white marble altar of Elyvilon.
  3721 | D:6      | Found a glowing drain.
  3736 | Sewer    | Entered a sewer
  3746 | Sewer    | Reached skill level 5 in Dodging
  4031 | D:6      | Found a burning altar of Makhleb.
  4129 | D:7      | Noticed a hippogriff
  4149 | D:7      | Killed a hippogriff
  4149 | D:7      | Reached XP level 8. HP: 37/61 MP: 8/8
  4169 | D:7      | Reached skill level 5 in Fighting
  4512 | D:7      | Reached skill level 6 in Dodging
  4852 | D:7      | Found a staircase to the Ecumenical Temple.
  5117 | D:8      | Reached *** piety under Qazlal
  5290 | D:8      | Found an opulent altar of Gozag.
  5290 | D:8      | Found a glowing silver altar of Zin.
  5296 | D:8      | Gained mutation: You are significantly more attuned to the shadows. [demonic ancestry]
  5296 | D:8      | Reached XP level 9. HP: 53/69 MP: 9/9
  5593 | D:8      | Reached skill level 7 in Dodging
  6209 | D:9      | Reached skill level 8 in Dodging
  6470 | D:9      | Reached XP level 10. HP: 40/77 MP: 10/10
  6493 | D:9      | Found a blossoming altar of Fedhas.
  7375 | D:9      | Gained mutation: You are resistant to hostile enchantments. [mutagenic meat]
  7376 | D:9      | Gained mutation: You expend magic power (3 MP) to strengthen your wands. [mutagenic meat]
  7529 | D:9      | Reached skill level 1 in Invocations
  7710 | D:10     | Entered Level 10 of the Dungeon
  7743 | D:10     | Found Kisiar's Antique Armour Shoppe.
  7751 | D:10     | Bought a transparent ring mail for 243 gold pieces
  7761 | D:10     | Identified the cursed +1 ring mail of Compression {+Inv rElec Str+2} (You bought it in a shop on level 10 of the Dungeon)
  7862 | D:10     | Reached skill level 9 in Dodging
  7870 | D:10     | Reached **** piety under Qazlal
  7887 | D:10     | Reached skill level 1 in Evocations
  8009 | D:10     | Noticed a hill giant
  8333 | D:10     | Found Ucoxon's Assorted Antiques.
  8366 | D:10     | Bought 2 glowing grey potions for 45 gold pieces
  8366 | D:10     | Bought a scroll of teleportation for 75 gold pieces
  8366 | D:10     | Bought a scroll labeled TOHAQU ZIUME for 25 gold pieces
  8366 | D:10     | Bought a scroll of identify for 50 gold pieces
  8765 | D:10     | Found Minotzur's Antique Weapon Emporium.
  8884 | D:10     | Killed a hill giant
  9133 | D:10     | Found a basalt altar of Yredelemnul.
  9466 | D:11     | Noticed a gargoyle
  9477 | D:11     | Killed a gargoyle
  9486 | D:11     | Got a twisted ring mail
  9487 | D:11     | Identified the +1 ring mail of Naticog {rC+ Regen+ Str+2 Int+4} (You found it on level 11 of the Dungeon)
  9517 | D:11     | Reached skill level 5 in Armour
  9544 | D:11     | Gained mutation: You may emit foul miasma when damaged in melee. [demonic ancestry]
  9544 | D:11     | Reached XP level 11. HP: 53/84 MP: 12/12
  9775 | D:11     | Reached skill level 10 in Dodging
  9778 | D:11     | Noticed a hill giant
  9868 | D:11     | Reached skill level 10 in Unarmed Combat
  9896 | D:10     | Killed a hill giant
 10034 | D:11     | Noticed a green ugly thing
 10052 | D:11     | Reached ***** piety under Qazlal
 10057 | D:11     | Killed a green ugly thing
 10153 | D:11     | Found a staircase to the Orcish Mines.
 10208 | D:11     | Found a staircase to the Lair.
 10529 | Lair:1   | Entered Level 1 of the Lair of Beasts
 10684 | Orc:1    | Entered Level 1 of the Orcish Mines
 10684 | Orc:1    | Noticed Snorg
 10684 | Orc:1    | Noticed Fannar
 10715 | D:11     | Killed Snorg
 10738 | D:11     | Killed Fannar
 10744 | Orc:1    | Noticed an orc knight
 10783 | D:11     | Killed an orc knight
 10973 | D:12     | Reached skill level 11 in Dodging
 11004 | D:12     | Reached XP level 12. HP: 65/95 MP: 15/15
 11011 | D:12     | Noticed a five-headed hydra
 11025 | D:12     | Killed a five-headed hydra
 11052 | D:12     | Noticed a seven-headed hydra
 11329 | Orc:1    | Noticed Erica
 11353 | Orc:1    | Killed Erica
 11447 | Orc:2    | Entered Level 2 of the Orcish Mines
 11813 | Orc:1    | Reached ****** piety under Qazlal
 11988 | Orc:2    | Found a staircase to the Elven Halls.
 12116 | Orc:2    | Noticed Sonja
 12140 | Orc:2    | Killed Sonja
 12159 | Orc:2    | Reached skill level 5 in Evocations
 12174 | Orc:2    | Found Wosus's General Store.
 12174 | Orc:2    | Found Caatygi's Jewellery Shop.
 12174 | Orc:2    | Found Leodiarch's Weapon Boutique.
 12176 | Orc:2    | Found Dock's Antique Weapon Shoppe.
 12698 | Orc:2    | Bought an uncursed ring of poison resistance for 260 gold pieces
 12856 | D:12     | Reached skill level 10 in Fighting
 12856 | D:12     | Killed a seven-headed hydra
 13020 | D:12     | Reached skill level 12 in Dodging
 13132 | D:12     | Gained mutation: You have a pair of small horns on your head. [demonic ancestry]
 13132 | D:12     | Reached XP level 13. HP: 100/103 MP: 17/17
 13175 | D:12     | Found Bineepa's General Store.
 13178 | D:12     | Bought an uncursed ring of protection from cold for 350 gold pieces
 13178 | D:12     | Bought a scroll of recharging for 133 gold pieces
 13339 | D:12     | Gained mutation: Armour fits poorly on your strangely shaped body. [potion of mutation]
 13339 | D:12     | Gained mutation: Your mind is acute. (Int +2) [potion of mutation]
 13339 | D:12     | Gained mutation: Your system is resistant to poisons. [potion of mutation]
 14147 | D:13     | Found Xofal's General Store.
 14226 | D:13     | Noticed Rupert
 14237 | D:13     | Killed Rupert
 14868 | D:15     | Entered Level 15 of the Dungeon
 15206 | Lair:1   | Found a glowing silver altar of Zin.
 15254 | Lair:1   | Noticed Galewind's ghost (journeyman DECj)
 15266 | Lair:1   | Killed Galewind's ghost
 15894 | Lair:2   | Learned a level 1 spell: Freeze
 15897 | Lair:2   | Learned a level 2 spell: Throw Frost
 16358 | Lair:2   | Reached skill level 1 in Ice Magic
 16359 | Lair:2   | Reached skill level 1 in Spellcasting
 16359 | Lair:2   | Reached skill level 1 in Conjurations
 16487 | Lair:3   | You fall through a shaft for 2 floors!
 16500 | Lair:4   | Noticed Maud
 16547 | Lair:4   | Killed Maud
 16565 | Lair:4   | Reached skill level 13 in Dodging
 16586 | Lair:4   | Gained mutation: You frequently emit foul miasma when damaged in melee. [demonic ancestry]
 16586 | Lair:4   | Reached XP level 14. HP: 27/113 MP: 15/19
 17299 | Lair:5   | Found a hole to the Spider Nest.
 17349 | Spider:1 | Entered Level 1 of the Spider Nest
 17380 | Lair:5   | HP: 1/113 [redback (7)]
 17671 | Lair:5   | HP: 3/113 [demonic crawler (9)]
 17672 | Lair:5   | Mangled by an entropy weaver

Skill      XL: |  1  2  3  4  5  6  7  8  9 10 11 12 13 14 |
---------------+-------------------------------------------+-----
Unarmed Combat | 4 5 6 7 8 9 10 11 12 | 12.8
Dodging        | 3 4 5 6 8 9 11 12 13 | 13.2
Armour         | 1 2 3 4 5 6 |  6.6
Fighting       | 4 6 7 9 10 11 | 11.4
Invocations    | 1 2 |  2.0
Evocations     | 2 4 5 6 7 |  7.0
Ice Magic      | 1 2 |  2.4
Spellcasting   | 1 2 |  2.0
Conjurations   | 2 |  2.4
Stealth        | |  1.7

Action                   |  1- 3 |  4- 6 |  7- 9 | 10-12 | 13-15 || total
-------------------------+-------+-------+-------+-------+-------++-------
Melee: Unarmed           |    75 |   224 |   464 |  1054 |   585 ||  2402
       Punch             |       |    10 |    16 |    86 |    53 ||   165
       Headbutt          |       |       |       |       |   164 ||   164
 Cast: Freeze            |       |       |       |       |    12 ||    12
       Throw Frost       |       |       |       |       |     6 ||     6
Invok: Elemental Force   |       |       |       |     3 |     1 ||     4
       Upheaval          |       |       |       |     1 |     3 ||     4
 Abil: Evoke Blink       |       |       |       |     2 |     1 ||     3
Evoke: Wand              |       |       |     4 |    16 |     8 ||    28
       Phial of floods   |       |       |       |       |     2 ||     2
       Deck              |       |       |       |       |     1 ||     1
  Use: Scroll            |     7 |     1 |     1 |    13 |     8 ||    30
       Potion            |       |       |     9 |     4 |    10 ||    23
 Stab: Sleeping          |     1 |     2 |       |       |       ||     3
       Distracted        |       |       |       |     1 |     1 ||     2
       Confused          |       |       |       |     6 |       ||     6
  Eat: Bread ration      |       |     1 |     1 |     3 |       ||     5
       Meat ration       |       |     1 |     1 |     1 |     1 ||     4
       Fruit             |       |       |     4 |    18 |    11 ||    33
       Chunk             |       |       |       |     3 |       ||     3
       Pizza             |       |       |       |       |     4 ||     4
       Beef jerky        |       |       |       |       |     3 ||     3
       Royal jelly       |       |       |       |       |     1 ||     1
Armor: Robe              |    11 |     3 |       |       |       ||    14
       Ring mail         |       |    66 |   147 |   253 |   138 ||   604
       Skin              |       |       |     2 |       |       ||     2
Dodge: Dodged            |    36 |   114 |   404 |   901 |   539 ||  1994
       Deflected         |       |       |       |    46 |     6 ||    52
Block: Other             |       |     3 |    74 |   374 |   256 ||   707
